Map: Apotheosis LE

Players

KingLucky - Winner!

  • Race: Protoss Protoss
  • League: Grandmaster

TAGurPRGNANT

  • Race: Terran Terran
  • League: Grandmaster

Event: Cheesadelphia Summer 2016

VOD

Have the link to the VOD?

Description

Time

  • Played on: July 23, 2016, 6:43 p.m.
  • Length: 11:20

All games in this series

Show
View Real Time Build Order
Export as new Build Order

KingLucky Protoss - Winner!

Build Orders: 1 Gate Expand, Blink Stalkers 

Get SALT Encoding   

  12  0:01  Probe (Chrono Boost)  
  13  0:11  Probe (Chrono Boost)  
  14  0:18  Pylon  
  14  0:22  Probe (Chrono Boost)  
  15  0:36  Probe (Chrono Boost), Gateway  
  15  0:41  Assimilator  
  16  0:47  Probe (Chrono Boost)  
  17  0:57  Probe (Chrono Boost)  
  18  1:08  Probe (Chrono Boost)  
  19  1:19  Nexus  
  19  1:22  Probe (Chrono Boost)  
  20  1:33  Cybernetics Core  
  20  1:34  Probe (Chrono Boost)  
  20  1:39  Assimilator  
  21  1:45  Probe (Chrono Boost)  
  22  1:49  Pylon  
  22  1:55  Probe (Chrono Boost)  
  22  2:10  Mothership Core (Chrono Boost)  
  22  2:13  Adept  
  26  2:20  Warp Gate  
  26  2:22  Pylon  
  26  2:28  Probe (Chrono Boost)  
  27  2:32  Probe (Chrono Boost)  
  28  2:39  Probe (Chrono Boost)  
  28  2:44  Probe (Chrono Boost)  
  28  2:49  Probe (Chrono Boost)  
  28  2:50  Robotics Facility  
  30  2:55  Probe (Chrono Boost)  
  31  3:00  Probe (Chrono Boost)  
  31  3:02  Twilight Council  
  32  3:06  Probe (Chrono Boost)  
  32  3:10  Probe (Chrono Boost)  
  34  3:16  Probe (Chrono Boost)  
  35  3:21  Probe (Chrono Boost)  
  35  3:27  Probe (Chrono Boost)  
  37  3:31  Probe (Chrono Boost)  
  37  3:32  Blink  
  38  3:37  Probe (Chrono Boost)  
  38  3:39  Gateway  
  38  3:40  Observer  
  40  3:41  Gateway  
  40  3:42  Probe (Chrono Boost)  
  41  3:49  Probe (Chrono Boost)  
  41  3:54  Probe (Chrono Boost)  
  43  3:56  Pylon  
  43  4:00  Probe (Chrono Boost), Pylon  
  44  4:06  Probe (Chrono Boost), Observer  
  46  4:10  Probe (Chrono Boost)  
  48  4:18  Probe (Chrono Boost)  
  48  4:19  Nexus  
  48  4:21  Probe (Chrono Boost)  
  49  4:27  Stalker  
  43  4:39  Probe x2 (Chrono Boost)  
  44  4:50  Stalker x3  
  44  4:51  Probe (Chrono Boost)  
  51  4:55  Warp Prism  
  51  4:59  Probe (Chrono Boost)  
  54  5:04  Probe (Chrono Boost)  
  55  5:08  Pylon  
  55  5:13  Stalker  
  55  5:14  Stalker  
  59  5:15  Stalker  
  62  5:22  Probe x2 (Chrono Boost)  
  63  5:31  Probe (Chrono Boost)  
  63  5:34  Pylon  
  63  5:35  Probe (Chrono Boost)  
  66  5:36  Probe (Chrono Boost)  
  66  5:38  Assimilator  
  66  5:40  Assimilator  
  66  5:44  Probe (Chrono Boost)  
  67  5:52  Probe (Chrono Boost)  
  67  5:53  Probe (Chrono Boost)  
  69  5:57  Stalker x3  
  69  5:59  Resonating Glaives  
  69  6:01  Probe (Chrono Boost)  
  76  6:08  Probe x2 (Chrono Boost)  
  78  6:12  Probe (Chrono Boost), Forge  
  78  6:15  Forge  
  79  6:19  Probe (Chrono Boost)  
  79  6:21  Probe (Chrono Boost)  
  80  6:26  Probe (Chrono Boost)  
  80  6:29  Probe (Chrono Boost)  
  82  6:36  Probe (Chrono Boost)  
  82  6:37  Probe (Chrono Boost)  
  79  6:41  Stalker x3  
  79  6:43  Probe (Chrono Boost)  
  86  6:56  Immortal, Pylon  
  86  6:57  Pylon  
  90  7:05  Adept x3  
  93  7:08  Probe (Chrono Boost)  
  93  7:10  Probe (Chrono Boost)  
  93  7:11  Probe (Chrono Boost)  
  83  7:19  Probe (Chrono Boost)  
  83  7:22  Probe x2 (Chrono Boost)  
  86  7:24  Protoss Ground Armor Level 1, Protoss Ground Weapons Level 1  
  86  7:29  Probe (Chrono Boost), Gateway  
  87  7:31  Gateway  
  87  7:32  Probe (Chrono Boost)  
  87  7:34  Probe (Chrono Boost), Gateway  
  89  7:37  Observer  
  89  7:40  Probe (Chrono Boost)  
  89  7:43  Probe (Chrono Boost)  
  92  7:46  Probe (Chrono Boost)  
  92  7:48  Adept x3  
  92  7:50  Probe (Chrono Boost)  
  100  7:53  Probe (Chrono Boost)  
  100  7:54  Pylon  
  100  7:58  Probe (Chrono Boost)  
  88  8:05  Probe (Chrono Boost)  
  88  8:06  Probe (Chrono Boost)  
  88  8:15  Probe (Chrono Boost)  
  88  8:16  Probe (Chrono Boost)  
  90  8:22  Gateway  
  90  8:23  Gateway  
  90  8:26  Gateway  
  90  8:28  Adept x2  
  90  8:29  Adept  
  90  8:30  Probe (Chrono Boost), Gateway  
  90  8:32  Probe (Chrono Boost), Adept x3  
  104  8:35  Gateway  
  94  8:46  Probe (Chrono Boost)  
  91  8:51  Stalker x3  
  95  9:03  Stalker x3  
  95  9:06  Nexus  
  95  9:07  Probe x2 (Chrono Boost)  
  103  9:13  Warp Prism  
  103  9:27  Adept x5  
  103  9:31  Adept  
  115  9:39  Pylon  
  115  9:41  Pylon  
  115  9:48  Pylon  
  113  9:53  Pylon  
  113  9:57  Probe x2 (Chrono Boost)  
  99  10:07  Stalker x5  
  99  10:08  Adept x6  
  117  10:19  Probe (Chrono Boost)  
  118  10:34  Stalker x9  
  124  10:48  Probe x2 (Chrono Boost)  
  124  10:49  Assimilator  
  126  10:54  Assimilator  
  122  10:57  Adept x5  
  122  10:58  Adept x3  
Show
View Real Time Build Order
Export as new Build Order

TAGurPRGNANT Terran 

Build Orders: Liberator Opening, Reaper Expand, MMM Bio 

Get SALT Encoding   

  12  0:00  SCV  
  13  0:12  SCV  
  14  0:17  Supply Depot  
  14  0:25  SCV  
  15  0:39  SCV  
  15  0:40  Barracks  
  16  0:45  Refinery  
  16  0:51  SCV  
  17  1:03  SCV  
  18  1:15  SCV  
  19  1:28  Reaper, Orbital Command  
  20  1:46  Command Center  
  20  1:55  Supply Depot  
  20  1:58  SCV  
  21  2:01  Barracks Reactor  
  21  2:10  Refinery  
  21  2:11  SCV  
  22  2:23  Factory  
  22  2:27  SCV  
  23  2:38  Marine x2  
  24  2:45  Bunker  
  24  2:50  SCV  
  25  3:00  Orbital Command  
  25  3:02  SCV  
  26  3:05  Barracks Tech Lab  
  26  3:09  Starport  
  26  3:13  Hellion  
  26  3:14  SCV  
  26  3:16  Hellion  
  31  3:24  Marine  
  31  3:25  Stimpack  
  32  3:28  SCV  
  32  3:29  SCV  
  34  3:34  Liberator  
  34  3:36  Hellion  
  36  3:42  SCV  
  36  3:53  SCV  
  40  3:56  Barracks  
  40  3:58  Widow Mine  
  40  3:59  Widow Mine  
  40  4:01  SCV  
  45  4:04  Supply Depot  
  45  4:06  SCV  
  46  4:16  Barracks, Refinery  
  46  4:20  Barracks  
  46  4:26  SCV x2  
  44  4:38  Widow Mine x2  
  44  4:39  Medivac  
  44  4:43  Barracks Reactor  
  48  4:46  SCV  
  48  4:48  Engineering Bay, Barracks  
  51  4:53  Marauder  
  51  4:56  SCV  
  52  5:02  Supply Depot  
  52  5:03  Marine  
  53  5:17  SCV  
  53  5:18  Terran Infantry Weapons Level 1  
  54  5:23  Marine x4  
  54  5:24  Marauder  
  60  5:35  Combat Shields  
  60  5:36  Medivac x2  
  60  5:41  Marine x2  
  60  5:42  Marine x2  
  68  5:45  Marauder  
  70  6:04  Marine  
  70  6:08  Supply Depot  
  70  6:09  Supply Depot  
  70  6:10  Marauder, Marine x3, Medivac  
  77  6:16  Marine  
  78  6:25  Liberator x2  
  78  6:29  Marine x2  
  78  6:32  Marauder  
  74  6:36  Marine  
  72  6:41  Marine  
  79  6:47  Marine x2  
  79  6:53  Marauder  
  79  6:54  Marine  
  83  6:59  Marine  
  85  7:05  Marine x2  
  84  7:11  Marine  
  84  7:13  Terran Infantry Armor Level 1  
  84  7:14  Liberator, Marauder  
  79  7:17  Marine  
  69  7:23  Marine x2  
  69  7:26  Liberator  
  69  7:29  Marine  
  72  7:34  Marine  
  72  7:36  Marauder  
  78  7:40  Marine  
  78  7:41  Marine  
  83  7:47  Marine  
  84  7:52  Command Center, Marine  
  84  7:57  Marauder  
  85  7:58  Marine  
  85  7:59  Marine  
  85  8:05  Marine  
  68  8:10  Marine  
  65  8:14  Medivac  
  65  8:16  Marine x2, Barracks  
  65  8:19  Marauder  
  71  8:23  Concussive Shells, Marine  
  71  8:24  SCV  
  71  8:25  SCV  
  71  8:26  Medivac  
  76  8:36  Marine, SCV  
  76  8:37  Marine, SCV  
  76  8:41  Marine  
  73  8:48  Marine  
  73  8:49  Marauder  
  73  8:50  Liberator x2  
  73  8:54  Marine  
  77  8:57  Marine  
  77  9:00  Marine  
  78  9:05  Barracks Tech Lab  
  78  9:06  Marine  
  85  9:10  Marauder  
  85  9:12  Marine  
  85  9:15  Marine  
  86  9:18  Marine  
  86  9:24  SCV  
  88  9:25  Supply Depot  
  88  9:27  Orbital Command  
  88  9:28  Marine  
  88  9:29  Marauder  
  88  9:30  Marine  
  92  9:31  Marauder  
  92  9:33  Marine  
  95  9:40  Marine  
  95  9:45  Supply Depot  
  96  9:49  Marine x2  
  96  9:50  Marauder  
  96  9:51  Marine  
  97  9:53  Marauder  
  97  9:56  SCV  
  97  9:58  Liberator, Marine  
  79  10:07  Marine x2  
  79  10:09  Marine  
  79  10:11  Marine  
  83  10:14  Marauder  
  83  10:16  Marine, SCV x2  
  83  10:18  SCV  
  92  10:25  Marine x2  
  92  10:26  Marine  
  95  10:30  Marauder  
  95  10:33  Marine  
  88  10:36  Marauder  
  88  10:42  Marine  
  66  10:43  Marine  
  66  10:44  Marine  
  66  10:48  SCV  
  66  10:49  SCV  
  71  10:51  Marine, Marauder  
  65  10:57  Marauder  
  65  11:00  Marine  
  65  11:01  Marine  
Tags
 
Add a new tag
Caveats
  • Supply blocks, unpowered buildings, or Contaminate may cause inaccurate times.
  • Supply counts are checked every 10 seconds.